 Dungeon Crawl Stone Soup version 0.29.1-13-g9f3cf754e1 (webtiles) character file.

Game seed: 7744482711867467910

546 croobank the Covert (level 7, -4/49 HPs)
             Began as an Octopode Delver on Feb 11, 2023.
             Killed from afar by an orc wizard (8 damage)
             ... with a magic dart
             ... on level 4 of the Dungeon.
             The game lasted 00:16:02 (5264 turns).

croobank the Covert (Octopode Delver)               Turns: 5264, Time: 00:16:02

Health: -4/49      AC:  5    Str: 11    XL:     7   Next: 28%
Magic:  10/10      EV: 14    Int: 20    God:
Gold:   282        SH:  0    Dex: 14    Spells: 9/10 levels left

rFire   . . .      SeeInvis .   h - +1 flail (holy)
rCold   . . .      Faith    .   (no shield)
rNeg    . . .      Spirit   .   (helmet restricted)
rPois   .          Reflect  .   (no amulet)
rElec   .          Harm     .   i - +4 ring of protection
rCorr   .          Rampage  .   k - +6 ring of intelligence
Will    .....                   (no ring)
Stlth   +++.......              (no ring)
HPRegen 0.16/turn               (no ring)
MPRegen 0.12/turn               (no ring)
                                (no ring)
                                (no ring)

@: confused
A: almost no armour, amphibious, 8 rings, camouflage 1, gelatinous body 1,
(nimble swimmer 1), tentacles
a: no special abilities


You were on level 4 of the Dungeon.
You visited 2 branches of the dungeon, and saw 7 of its levels.

You collected 282 gold pieces.

Inventory:

Hand Weapons
 a - a +0 hand axe
 g - a +0 rapier
 h - a +1 flail of holy wrath (weapon)
 n - a +0 vampiric whip
 r - a +2 mace of holy wrath
 w - a +0 dagger
Missiles
 t - 2 poisoned darts (quivered)
 y - 3 javelins
Jewellery
 i - a +4 ring of protection (left tentacle)
 j - a ring of fire
 k - a +6 ring of intelligence (right tentacle)
 C - a ring of fire
Wands
 c - a wand of polymorph (7)
 f - a wand of digging (3)
Scrolls
 b - a scroll of fog
 l - 5 scrolls of teleportation
 p - a scroll of noise
 u - 2 scrolls of torment
 B - 3 scrolls of vulnerability {unknown}
Potions
 d - a potion of heal wounds {unknown}
 e - a potion of haste
 m - 2 potions of flight
 q - 2 potions of ambrosia {unknown}
 s - a potion of brilliance {unknown}
 x - a potion of invisibility {unknown}
 z - a potion of degeneration {unknown}
 A - a potion of might {unknown}


   Skills:
 + Level 4.5 Fighting
 + Level 3.8 Axes
 + Level 4.0 Dodging
 + Level 8.3 Stealth
 + Level 2.1 Spellcasting
 + Level 0.4 Translocations
 + Level 0.1 Air Magic
 + Level 0.0 Poison Magic


You had 9 spell levels left.
You knew the following spells:

 Your Spells              Type           Power      Damage    Failure   Level
a - Apportation           Tloc           6%         N/A       13%         1

Your spell library contained the following spells:

 Spells                   Type           Power      Damage    Failure   Level
 Sting                    Tmut/Pois      8%         1d3       16%         1
 Poisonous Vapours        Pois/Air       4%         N/A       22%         2
 Gell's Gravitas          Tloc           3%         N/A       36%         3
 Teleport Other           Tloc           3%         N/A       36%         3
 Summon Guardian Golem    Hex/Summ       2%         N/A       43%         3
 Leda's Liquefaction      Hex/Erth       1%         N/A       83%         4
 Olgreb's Toxic Radiance  Pois           2%         N/A       83%         4
 Alistair's Intoxication  Tmut/Pois      1%         N/A       99%         5
 Lee's Rapid Deconstruct  Erth           1%         3d5*      99%         5
 Dispersal                Tloc           1%         N/A       100%        6
 Statue Form              Tmut/Erth      1%         N/A       100%        6
 Orb of Destruction       Conj           1%         9d5       100%        7
 Spellforged Servitor     Conj/Summ      1%         N/A       100%        7


Dungeon Overview and Level Annotations

Branches:
Dungeon (6/15)             Temple (1/1) D:4

Altars:
Ashenzari
Cheibriados
Makhleb
Nemelex Xobeh
Okawaru
Ru
Sif Muna
Uskayaw
Vehumet
Wu Jian
Xom
Zin


Innate Abilities, Weirdness & Mutations

You cannot wear most types of armour.
You are amphibious.
You can wear up to eight rings at the same time.
Your skin changes colour to match your surroundings (Stealth+).
Your rubbery body absorbs attacks. (AC +1, EV +1)
((You are camouflaged when in or above water. (Stealth+)))
You have tentacles for arms and can constrict up to eight enemies at once.


Message History

You closely miss something. Your squeeze misses something.
You constrict the worm.
You hear some strange, mumbled words.
You are confused.
The worm bites you. Something hits you.
You miss something. Your squeeze misses something. You constrict the worm.
You hear some strange, mumbled words.
A puff of flame appears from out of thin air!
The puff of flame misses you. The worm barely misses you.
You're too confused to move!
You constrict the worm. Something hits you.
* * * LOW HITPOINT WARNING * * *
You feel better.
You constrict the worm. The worm misses you.
You hear some strange, mumbled words.
A magic dart appears from out of thin air!
The magic dart hits you.
* * * LOW HITPOINT WARNING * * *
You miss something. Your squeeze misses something. You constrict the worm.
You kill the worm!
Something hits you but does no damage.
You sock something!
Your tentacle-slap misses something.
You hear some strange, mumbled words.
A magic dart appears from out of thin air!
The magic dart hits you!
* * * LOW HITPOINT WARNING * * *
Okay, then.
You hit something.
Your tentacle-slap misses something.
Something hits you.
* * * LOW HITPOINT WARNING * * *
Something hits you but does no damage.
Okay, then.
Blink to where?
Press: ? - help, Dir - move target A hobgoblin and a jelly come into view.
Found a trident and a club.
Found a shimmering altar of Xom.
As you read the scroll of blinking, it crumbles to dust.
You are confused.
You are too confused!
Okay, then.
A magic dart appears from out of thin air!
The magic dart hits you!
You die...

###≈.~☼.~ #...~.☼).
#.g§J~☼.. #..≈≈Kr§§§ ###
#...≈≈§≈≈# #.##
#......§.# #...
#........#########
#@................
#....J............
##........#########
##.........# ##
#..........# ##.
#######{##############..
.......†).)..).......#.#
.#.#.#.#)#.#.#†#.#.#...#
#...†...#.......#.###


You could see 2 jellies, a quokka, a hobgoblin (wandering) and a kobold.

Vanquished Creatures
  Menkaure (D:4)
  4 hounds
  Ijyb (D:3)
  2 iguanas (D:4)
  An orc wizard (D:4)
  Robin (D:4)
  A gnoll (D:1)
  5 adders
  An ufetubus (D:4)
  2 worms (D:4)
  2 dart slugs
  8 orcs
  14 endoplasms
  2 giant cockroaches
  17 goblins
  8 hobgoblins
  4 jackals (D:2)
  3 kobolds (D:4)
  6 quokkas
  3 ball pythons
  5 bats
  3 frilled lizards
  3 rats
97 creatures vanquished.

Vanquished Creatures (collateral kills)
  A hound (D:4)
1 creature vanquished.

Vanquished Creatures (others)
  An orc (D:4)
  A goblin (D:4)
  A jackal (D:4)
  A ball python (D:4)
4 creatures vanquished.

Grand Total: 102 creatures vanquished

Notes
Turn   | Place    | Note
-------+----------+-------------------------------------------
     0 | D:5      | croobank the Octopode Delver began the quest for the Orb.
     0 | D:5      | Reached XP level 1. HP: 16/16 MP: 1/1
     2 | D:6      | Noticed a scorpion
     7 | D:6      | Noticed a phantom
    39 | D:5      | Noticed a howler monkey
    67 | D:5      | Noticed an orc wizard
   116 | D:6      | Noticed an iguana
   164 | D:5      | Noticed an ogre
   177 | D:4      | Noticed an orc wizard
   177 | D:4      | Noticed a hound
   178 | D:4      | Found a staircase to the Ecumenical Temple.
   182 | D:4      | Noticed an iguana
   225 | D:3      | Noticed Ijyb
   468 | D:3      | Reached XP level 2. HP: 17/21 MP: 2/2
   797 | D:1      | Reached XP level 3. HP: 16/26 MP: 3/3
   949 | D:1      | Reached skill level 7 in Stealth
  1320 | D:1      | Found a faded altar of an unknown god.
  1885 | D:2      | Reached XP level 4. HP: 31/31 MP: 4/4
  2976 | D:3      | Killed Ijyb
  3234 | D:3      | Reached XP level 5. HP: 37/37 MP: 5/5
  3597 | D:4      | Reached skill level 1 in Spellcasting
  3602 | D:4      | Reached XP level 6. HP: 14/43 MP: 7/7
  3822 | D:5      | Noticed a water moccasin
  4235 | D:4      | Found a burning altar of Makhleb.
  4586 | Temple   | Entered the Ecumenical Temple
  4731 | D:4      | Noticed Robin
  4770 | D:4      | Killed Robin
  4771 | D:4      | Reached skill level 8 in Stealth
  4926 | D:4      | Noticed Menkaure
  4939 | D:4      | Killed Menkaure
  4940 | D:4      | Reached XP level 7. HP: 33/49 MP: 8/10
  5066 | D:4      | Learned a level 1 spell: Apportation
  5262 | D:4      | Found a shimmering altar of Xom.
  5264 | D:4      | Killed from afar by an orc wizard

Illustrated notes

Levels and vault maps discovered:
D:1:      psy_arrival_terrarium, layout_loops_ring,
          hellmonk_ecumenical_altar_crossroads
D:2:      layout_loops_ring, minmay_misc_feat_tower
D:3:      layout_basic, uniq_ijyb
D:4:      layout_rooms, amcnicky_altar_gilded, xom_confusion_cloud,
          nicolae_overflow_hidden_temple, minmay_temple_entry_slanted,
          hangedman_minor_gate_pass, uniq_menkaure, uniq_robin
D:5:      layout_basic, mainiacjoe_overflow_catwalk, lightli_temple_of_fire,
          kennysheep_little_box
D:6:      layout_basic, tso_oasis_becter
Temple:   zaba_magenta_temple

Skill      XL: |  1  2  3  4  5  6 |
---------------+-------------------+-----
Stealth        | 7 8 |  8.3
Dodging        | 3 4 |  4.0
Axes           | 3 |  3.8
Fighting       | 4 |  4.5
Spellcasting   | 1 2 |  2.1
Translocations | |  0.4
Air Magic      | |  0.1

Action                   |  1- 3 |  4- 6 |  7- 9 || total
-------------------------+-------+-------+-------++-------
Melee: Hand axe          |    16 |       |       ||    16
       Constrict         |    13 |    26 |     7 ||    46
       Tentacles         |     9 |    19 |     6 ||    34
       Flail             |    50 |   114 |    34 ||   198
       Unarmed           |       |     3 |       ||     3
       Punch             |       |     1 |     1 ||     2
  Use: Scroll            |     2 |    10 |     1 ||    13
       Potion            |       |     2 |     1 ||     3
 Stab: Sleeping          |    14 |    10 |       ||    24
       Confused          |       |     1 |       ||     1
Armor: Skin              |    11 |    53 |    16 ||    80
Dodge: Dodged            |    28 |   111 |    30 ||   169
